 Dungeon Crawl Stone Soup version 0.28-a0-697-g47f3eba078 (webtiles) character file.

Game seed: 15823292822447436092

30 bellsore the Skirmisher (level 3, -3/37 HPs)
             Began as an Ogre Warper on Oct 24, 2021.
             Slain by a kobold (5 damage)
             ... on level 1 of the Dungeon.
             The game lasted 00:02:18 (916 turns).

bellsore the Skirmisher (Ogre Warper)                Turns: 916, Time: 00:02:19

Health: -3/37      AC:  3    Str: 16    XL:     3   Next: 20%
Magic:  7/7        EV:  9    Int: 14    God:
Gold:   8          SH:  0    Dex:  8    Spells: 8/8 levels left

rFire   . . .      SeeInvis .   a - +0 mace
rCold   . . .      Faith    .   (no shield)
rNeg    . . .      Spirit   .   b - +0 robe
rPois   .          Reflect  .   (helmet restricted)
rElec   .          Harm     .   (no cloak)
rCorr   .          Rampage  .   (gloves unavailable)
Will    .....                   (boots unavailable)
Stlth   +.........              (no amulet)
HPRegen 0.12/turn               (no ring)
MPRegen 0.10/turn               (no ring)

@: no status effects
A: large, unfitting armour, tough skin 1
a: no special abilities


You were on level 1 of the Dungeon.
You visited 1 branch of the dungeon, and saw 1 of its levels.

You collected 8 gold pieces.

Inventory:

Hand Weapons
 a - a +0 mace (weapon)
Missiles
 d - 5 boomerangs of dispersal (quivered)
Armour
 b - a +0 robe (worn)
Scrolls
 c - a scroll of blinking
 e - 2 scrolls of teleportation {unknown}


   Skills:
 + Level 3.3 Fighting
 + Level 2.1 Maces & Flails
 - Level 1.0 Throwing
 - Level 2.1 Dodging
 + Level 3.0 Spellcasting
 + Level 3.0 Translocations


You had 8 spell levels left.
You didn't know any spells.
Your spell library contained the following spells:

 Spells                   Type           Power      Damage    Failure   Level
 Blink                    Tloc           N/A        N/A       10%         2
 Gell's Gravitas          Tloc           5%         N/A       19%         3
 Lesser Beckoning         Tloc           10%        N/A       19%         3
 Teleport Other           Tloc           10%        N/A       19%         3
 Manifold Assault         Tloc           10%        N/A       86%         5


Dungeon Overview and Level Annotations

Branches:
Dungeon (1/15)

Altars:


Innate Abilities, Weirdness & Mutations

You are too large for most types of armour.
You have tough skin. (AC +1)


Message History

You kill the hobgoblin!
The kobold throws a stone.
The stone hits you.
* * * LOW HITPOINT WARNING * * *
You miss the kobold. The kobold hits you with a +0 whip.
* * * LOW HITPOINT WARNING * * *
The kobold throws a stone.
The stone completely misses you.
The kobold throws a stone.
The stone barely misses you.
The kobold throws a stone.
The stone hits you but does no damage.
The kobold throws a stone.
The stone hits you but does no damage.
The kobold throws a stone.
The stone hits you but does no damage.
The kobold throws a stone.
The stone closely misses you.
Things that are here:
a +0 short sword; 4 stones; a +0 club You hit the ball python.
You kill the ball python!
The kobold throws a stone.
The stone closely misses you.
The kobold throws a stone.
The stone hits you but does no damage.
Found 8 gold pieces.
Found 8 gold pieces.
The kobold throws a stone.
The stone closely misses you. The hobgoblin hits you.
* * * LOW HITPOINT WARNING * * *
You closely miss the hobgoblin.
The hobgoblin hits you but does no damage.
The hobgoblin closely misses you.
You hit the hobgoblin.
The hobgoblin is moderately wounded.
The hobgoblin closely misses you.
You sock the hobgoblin!
You kill the hobgoblin!
Your Spellcasting skill increases to level 3!
You barely miss the kobold. The kobold hits you with a +0 whip.
* * * LOW HITPOINT WARNING * * *
You closely miss the kobold. The kobold hits you but does no damage.
The kobold hits you with a +0 whip.
* * * LOW HITPOINT WARNING * * *
You barely miss the kobold. The kobold hits you with a +0 whip.
* * * LOW HITPOINT WARNING * * *
You closely miss the kobold. The kobold hits you with a +0 whip.
You die...

####.##.### #.....K..#.
..##....... #.##.....#.
........## #####..S.#
..........
#.####################)#.
#.......@K.......g.....#.
#...######......######.#.
#$.. .................#.
#... #..##......##..##.#.
#.$....................#.
############><##########.
.................#.
################.). ##.#


You could see a kobold.

Vanquished Creatures
  A dart slug (D:1)
  4 endoplasms (D:1)
  2 giant cockroaches (D:1)
  3 goblins (D:1)
  3 hobgoblins (D:1)
  3 kobolds (D:1)
  2 quokkas (D:1)
  3 ball pythons (D:1)
  A bat (D:1)
  A rat (D:1)
23 creatures vanquished.

Notes
Turn   | Place    | Note
-------+----------+-------------------------------------------
     0 | D:1      | bellsore the Ogre Warper began the quest for the Orb.
     0 | D:1      | Reached XP level 1. HP: 22/22 MP: 3/3
    33 | D:1      | Reached XP level 2. HP: 15/29 MP: 3/5
   833 | D:1      | Reached XP level 3. HP: 11/37 MP: 7/7
   916 | D:1      | Slain by a kobold

Illustrated notes

Levels and vault maps discovered:
D:1:      dpeg_arrival_line_fractal, layout_basic, minmay_misc_feat_tower,
          minmay_hexomino_r4

Skill      XL: |  1  2  3 |
---------------+----------+-----
Fighting       | 3 |  3.3
Maces & Flails | 2 |  2.1
Translocations | 3 |  3.0
Spellcasting   | 3 |  3.0
Throwing       | |  1.0
Dodging        | |  2.1

Action                   || total
-------------------------++-------
Melee: Mace              ||   101
Armor: Robe              ||    37
Dodge: Dodged            ||    64

Table legend: (Time is in decaauts)
 A = Elapsed time spent in this place.
 B = Non-inter-level travel time spent in this place.
 C = Inter-level travel time spent in this place.
 D = Time resting spent in this place.
 E = Time spent auto-exploring this place.
 F = Levels seen in this place.
 G = Mean time per level.
                   A        B        C        D        E       F      G
               +--------+--------+--------+--------+--------+-----+--------+
         Total |    945 |    945 |      0 |    459 |    248 |   1 |  945.0 |
       Dungeon |    945 |    945 |      0 |    459 |    248 |   1 |  945.0 |
               +--------+--------+--------+--------+--------+-----+--------+

Top non-repeatable levels by time:
     D:1: 945 daAuts
